 Dungeon Sprint DCSS version 0.27-a0-1322-gfdffb62a71 (webtiles) character file.

Game seed: 14660520974333071281

1233 rocky1 the Fighter (level 8, -2/79 HPs)
             Began as a Minotaur Fighter on June 23, 2021.
             Was an Elder of Okawaru.
             Killed by divine providence
             ... invoked by a meliai
              (16 damage)
             ... in the Dungeon (Sprint IX: "|||||||||||||||||||||||||||||").
             The game lasted 00:01:54 (657 turns).

rocky1 the Fighter (Minotaur Fighter)                Turns: 657, Time: 00:01:54

Health: -2/79      AC: 17    Str: 29    XL:     8   Next: 24%
Magic:  2/10       EV: 13    Int:  5    God:    Okawaru [****..]
Gold:   0          SH: 14    Dex: 10    Spells: 7/7 levels left

rFire    . . .     SeeInvis .   n - +2 scimitar (holy)
rCold    . . .     Faith    .   c - +0 kite shield
rNeg     . . .     Spirit   .   r - +1 chain mail
rPois    .         Reflect  .   (helmet restricted)
rElec    .         Harm     .   q - +0 cloak
rCorr    .         Rampage  .   p - +0 pair of gloves
Will     .....     NoTele   +   (no boots)
Stlth    ..........             (no amulet)
HPRegen  0.23/turn              s - +3 ring of strength
MPRegen  0.12/turn              t - +3 ring of strength

@: heroic
A: horns 2, retaliatory headbutt
a: Renounce Religion, Heroism


You were in the Dungeon.
You worshipped Okawaru.
Okawaru was greatly pleased with you.
You visited 1 branch

Inventory:

Hand Weapons
 n - a +2 scimitar of holy wrath (weapon)
 o - a +2 morningstar of protection
Armour
 c - a +0 kite shield (worn)
 p - a +0 pair of gloves (worn)
 q - a +0 cloak (worn)
 r - a +1 chain mail (worn)
Jewellery
 s - a +3 ring of strength (left hand)
 t - a +3 ring of strength (right hand)
Wands
 m - a wand of iceblast (10)
Scrolls
 j - 2 scrolls of blinking
 l - 2 scrolls of amnesia
Potions
 d - a potion of might
 e - 5 potions of curing
 f - 2 potions of heal wounds
 g - a potion of haste
 h - 4 potions of magic
 k - a potion of invisibility


   Skills:
 + Level 10.1(15.1) Fighting
 + Level 10.0(15.0) Long Blades
 + Level 10.1(15.1) Armour
 + Level 8.6(13.6) Dodging
 + Level 10.1(15.1) Shields
 + Level 4.0 Invocations


You had 7 spell levels left.
You didn't know any spells.
Your spell library was empty.

Dungeon Overview and Level Annotations

Branches:
Dungeon (1/1)

Altars:
Cheibriados
Dithmenos
Elyvilon
Fedhas
Gozag
Hepliaklqana
Kikubaaqudgha
Makhleb
Nemelex Xobeh
Okawaru
Qazlal
Ru
Sif Muna
Trog
Uskayaw
Vehumet
Wu Jian
Xom
Yredelemnul
Zin
The Shining One
Beogh
Jiyva
Lugonu


Innate Abilities, Weirdness & Mutations

You have a pair of horns on your head.
You reflexively headbutt those who attack you in melee.


Message History

The manticore barely misses you. You block the manticore's attack.
You hit the manticore. You headbutt the manticore.
You kill the manticore!
Okawaru is honoured by your kill.
The meliai calls down the wrath of its god upon you.
Something smites you!
* * * LOW HITPOINT WARNING * * *
Your Fighting skill increases to level 10!
Your Long Blades skill increases to level 10!
Your Armour skill increases to level 10!
Your Shields skill increases to level 10!
Your Invocations skill increases to level 4!
You have reached level 8!
You feel stronger.
Unknown command.
You feel much better. The cyclops hits you.
Unknown command.
You hit the cyclops.
You headbutt the cyclops, but do no damage.
The cyclops is lightly wounded.
You slice the cyclops!! Your headbutt misses the cyclops.
The cyclops is heavily wounded.
The cyclops closely misses you. You furiously retaliate!
You headbutt the cyclops, but do no damage.
You slash the cyclops! Your headbutt misses the cyclops.
The cyclops is severely wounded.
You block the cyclops's attack.
You gain the combat prowess of a mighty hero.
You hit the cyclops but do no damage.
The cyclops is severely wounded.
You block the cyclops's attack.
The meliai calls down the wrath of its god upon you.
Something smites you!
* * * LOW HITPOINT WARNING * * *
Unknown command.
You hit the cyclops but do no damage.
The cyclops is severely wounded.
The meliai calls down the wrath of its god upon you.
Something smites you!
You die...

▓[▓
▓'▓
▓)▓
▓÷▓
▓.▓
▓.▓
▓.▓
▓.▓
▓@▓
▓C▓
▓y▓
▓H▓
▓W▓
▓.▓
▓.▓
▓+▓


You could see a manticore, a cyclops, a wraith and a meliai.

Vanquished Creatures
  A cyclops (D)
  A manticore (D)
  A wyvern (D)
  2 orc warriors (D)
  A kobold brigand (D)
  A killer bee (D)
  A jelly (D)
  An adder skeleton (D)
  An adder zombie (D)
  A dart slug (D)
  An orc (D)
  An endoplasm (D)
  A quokka (D)
  A ball python (D)
  A ball python skeleton (D)
  A bat (D)
  A frilled lizard (D)
18 creatures vanquished.

Notes
Turn   | Place    | Note
-------+----------+-------------------------------------------
     0 | D        | rocky1 the Minotaur Fighter began the quest for the Orb.
     0 | D        | Reached XP level 1. HP: 19/19 MP: 0/0
     9 | D        | Reached skill level 1 in Dodging
    49 | D        | Noticed a jelly
    52 | D        | Killed a jelly
    53 | D        | Reached skill level 5 in Armour
    53 | D        | Reached skill level 5 in Shields
    53 | D        | Reached XP level 2. HP: 23/28 MP: 1/1
    53 | D        | Reached XP level 3. HP: 28/35 MP: 2/2
    61 | D        | Reached skill level 5 in Fighting
   173 | D        | Found a snail-covered altar of Cheibriados.
   173 | D        | Found a shadowy altar of Dithmenos.
   173 | D        | Found a white marble altar of Elyvilon.
   173 | D        | Found a blossoming altar of Fedhas.
   173 | D        | Found an opulent altar of Gozag.
   174 | D        | Found a hazy altar of Hepliaklqana.
   175 | D        | Found a viscous altar of Jiyva.
   176 | D        | Found an ancient bone altar of Kikubaaqudgha.
   177 | D        | Found a corrupted altar of Lugonu.
   178 | D        | Found a burning altar of Makhleb.
   179 | D        | Found a sparkling altar of Nemelex Xobeh.
   180 | D        | Found an iron altar of Okawaru.
   181 | D        | Found a stormy altar of Qazlal.
   182 | D        | Found a sacrificial altar of Ru.
   183 | D        | Found a shimmering blue altar of Sif Muna.
   184 | D        | Found a bloodstained altar of Trog.
   185 | D        | Found a hide-covered altar of Uskayaw.
   186 | D        | Found a radiant altar of Vehumet.
   187 | D        | Found an ornate altar of the Wu Jian Council.
   189 | D        | Became a worshipper of Warmaster Okawaru
   190 | D        | Found a shimmering altar of Xom.
   191 | D        | Found a basalt altar of Yredelemnul.
   192 | D        | Found a glowing silver altar of Zin.
   193 | D        | Found a glowing golden altar of the Shining One.
   247 | D        | Noticed an orc warrior
   247 | D        | Noticed an orc warrior
   247 | D        | Noticed a killer bee
   247 | D        | Noticed a kobold brigand
   247 | D        | Noticed a wyvern
   252 | D        | Killed an orc warrior
   252 | D        | Reached * piety under Okawaru
   253 | D        | Reached skill level 5 in Long Blades
   253 | D        | Reached XP level 4. HP: 45/45 MP: 3/3
   253 | D        | Reached XP level 5. HP: 51/51 MP: 4/4
   257 | D        | Killed an orc warrior
   258 | D        | Reached skill level 5 in Dodging
   263 | D        | Reached XP level 6. HP: 56/60 MP: 5/5
   267 | D        | Killed a wyvern
   267 | D        | Reached ** piety under Okawaru
   636 | D        | Noticed a cyclops
   636 | D        | Noticed a manticore
   636 | D        | Noticed a cyclops
   636 | D        | Noticed a meliai
   636 | D        | Noticed a manticore
   636 | D        | Noticed a wraith
   643 | D        | Killed a cyclops
   643 | D        | Reached *** piety under Okawaru
   644 | D        | Reached XP level 7. HP: 64/71 MP: 3/8
   650 | D        | Killed a manticore
   650 | D        | Reached **** piety under Okawaru
   651 | D        | Reached skill level 10 in Fighting
   651 | D        | Reached skill level 10 in Long Blades
   651 | D        | Reached skill level 10 in Armour
   651 | D        | Reached skill level 10 in Shields
   651 | D        | Reached XP level 8. HP: 8/79 MP: 4/10
   657 | D        | Killed from afar by a meliai

Illustrated notes

Levels and vault maps discovered:
D:        linesprint [early_d, line_temple, items_1, d_10, items_2, lair_1,
          lair_end, items_3, orc_1, orc_end, items_4, d_15, swamp_1, shoals_1,
          snake_1, spider_1, d_20, vaults_1, items_5, swamp_end, shoals_end,
          snake_end, spider_end, vaults_end, d_27, items_6, zot_1, zot_end,
          crypt_end, forest_end, elf_end, slime_end, tomb_end, abyss_end,
          pan_hell_end]

Skill      XL: |  1  2  3  4  5  6  7 |
---------------+----------------------+-----
Fighting       | 4 6 7 9 10 | 10.1
Long Blades    | 4 5 7 9 10 | 10.0
Armour         | 5 6 7 9 10 | 10.1
Dodging        | 2 4 5 8 |  8.6
Shields        | 5 6 7 9 10 | 10.1
Invocations    | 3 4 |  4.0

Action                   |  1- 3 |  4- 6 |  7- 9 || total
-------------------------+-------+-------+-------++-------
Melee: Long sword        |    26 |       |       ||    26
       Headbutt          |     7 |     9 |     4 ||    20
       Scimitar          |     3 |    23 |    11 ||    37
Invok: Heroism           |       |     1 |     1 ||     2
  Use: Potion            |     1 |       |     1 ||     2
Armor: Scale mail        |    11 |       |       ||    11
       Chain mail        |       |     2 |     3 ||     5
Dodge: Dodged            |     9 |     4 |     6 ||    19
Block: Kite shield       |    11 |     9 |     6 ||    26
       Rpst.: Long sword |     1 |       |       ||     1
       Scimitar          |     1 |     3 |       ||     4

Table legend: (Time is in decaauts)
 A = Elapsed time spent in this place.
 B = Non-inter-level travel time spent in this place.
 C = Inter-level travel time spent in this place.
 D = Time resting spent in this place.
 E = Time spent auto-exploring this place.
 F = Levels seen in this place.
 G = Mean time per level.
                   A        B        C        D        E       F      G
               +--------+--------+--------+--------+--------+-----+--------+
         Total |    671 |    671 |      0 |    495 |      0 |   1 |  671.0 |
       Dungeon |    671 |    671 |      0 |    495 |      0 |   1 |  671.0 |
               +--------+--------+--------+--------+--------+-----+--------+

Top non-repeatable levels by time:
       D: 671 daAuts
